 Dungeon Crawl Stone Soup version 0.31.0-12-g77e489cdc1 (webtiles) character file.

Game seed: 15591782277268411778

2179 hawla the Nimble (level 9, -2/79 HPs)
             Began as a Minotaur Fighter on Feb 18, 2024.
             Killed from afar by Maggie (22 damage)
             ... with a bolt of fire
             ... on level 6 of the Dungeon.
             The game lasted 00:12:34 (4791 turns).

hawla the Nimble (Minotaur Fighter)                 Turns: 4791, Time: 00:12:34

Health: -2/79      AC: 17    Str: 21      XL:     9   Next: 11%
Magic:  8/8        EV: 11    Int:  4 (5)  God:
Gold:   335        SH: 11    Dex: 14      Spells: 8/8 levels left

rFire   . . .        a - +0 long sword
rCold   . . .        c - +0 buckler
rNeg    . . .        n - +3 shadow dragon scales
rPois   .            (helmet restricted)
rElec   .            b - scarf {repulsion}
rCorr   .            (no gloves)
SInv    .            (no boots)
Will    .....        s - amulet of reflection
Stlth   ++           (no ring)
HPRegen 0.33/turn    (no ring)
MPRegen 0.11/turn

%: repel missiles, reflection
@: mighty, attractive, mesmerised, studying Shields
A: horns 2, retaliatory headbutt
a: no special abilities


You were on level 6 of the Dungeon.
You visited 1 branch of the dungeon, and saw 6 of its levels.

You collected 335 gold pieces.

Inventory:

Hand Weapons
 a - a +0 long sword (weapon)
Missiles
 l - 14 poisoned darts (quivered)
 o - a throwing net
Armour
 b - a scarf of repulsion (worn)
 c - a +0 buckler (worn)
 n - +3 shadow dragon scales (worn)
Jewellery
 s - an amulet of reflection (around neck)
Wands
 q - a wand of iceblast (8)
Scrolls
 e - 2 scrolls of identify
 f - 2 scrolls of revelation
 g - a scroll of immolation {unknown}
Potions
 d - 2 potions of might
 j - a potion of enlightenment


   Skills:
 - Level 7.3 Fighting
 - Level 6.7 Long Blades
 + Level 5.1 Throwing
 - Level 7.3 Armour
 - Level 9.8 Dodging
 - Level 8.3 Shields
 - Level 4.0 Evocations


You had 8 spell levels left.
You didn't know any spells.
Your spell library was empty.

Dungeon Overview and Level Annotations

Branches:
Dungeon (6/15)
 Temple: D:4-7

Altars:
Elyvilon
Sif Muna

Shops:
D:2 =   D:4 **

Annotations:
D:6 Maggie


Innate Abilities, Weirdness & Mutations

You have a pair of horns on your head.
You reflexively headbutt those who attack you in melee.


Message History

Maggie is heavily wounded.
Maggie points at you and mumbles some strange words.
The bolt of fire misses you. You block the orc's attack.
The ice beast completely misses you.
Unknown command.
You hit Maggie but do no damage.
Maggie is heavily wounded.
You block Maggie's attack. The orc hits you but does no damage.
The ice beast hits you but does no damage.
You block the orc's attack.
Maggie points at you and mumbles some strange words.
The bolt of fire is repelled.
The ice beast hits you but does no damage.
You slash Maggie! You headbutt Maggie, but do no damage.
Maggie is heavily wounded.
The orc barely misses you. You block the ice beast's attack.
Maggie zaps a wand.
The bolt of light misses you.
Unknown command.
You feel very mighty all of a sudden. You block the orc's attack.
The ice beast barely misses you. You furiously retaliate!
You headbutt the ice beast!
You kill the ice beast!
Maggie hits you with a +0 morningstar.
* * * LOW HITPOINT WARNING * * *
You feel your dexterity returning.
Training target 4.0 for Evocations reached!
Your Evocations skill increases to level 4!
You need to enable at least one skill for training.
You slash Maggie! Your headbutt misses Maggie.
Maggie is severely wounded.
You block the orc's attack. Maggie gestures at you while chanting.
The bolt of fire is repelled.
Unknown command.
You hit Maggie. Your headbutt misses Maggie.
Maggie is severely wounded.
The orc barely misses you.
Maggie points at you and mumbles some strange words.
The bolt of fire hits you!!
You die...

# #. # #. .# #
#.####.#.#
#####........##
.......@)..$...
#..)@o......
#..####.#... #$
#


You could see Maggie (mesmerising) and an orc.

Vanquished Creatures
  Grinder (D:6)
  Sigmund (D:2)
  2 ice beasts
  2 ogres (D:5)
  Blork the orc (D:3)
  A scorpion (D:5)
  2 bombardier beetles (D:4)
  A howler monkey (D:3)
  3 hounds
  A jelly (D:5)
  3 orc priests (D:5)
  2 iguanas (D:5)
  Natasha (twice) (D:4)
  An orc wizard (D:5)
  Ijyb (D:4)
  6 adders
  8 gnolls
  A white imp (D:5)
  A ribbon worm (D:3)
  2 dart slugs
  13 orcs
  9 bats
  7 endoplasms
  4 giant cockroaches
  3 goblins
  5 hobgoblins
  3 jackals (D:2)
  5 quokkas
  7 ball pythons
  4 frilled lizards
  2 kobolds
  3 rats
107 creatures vanquished.

Vanquished Creatures (others)
  An orc wizard (D:6)
1 creature vanquished.

Grand Total: 108 creatures vanquished

Notes
Turn   | Place    | Note
-------+----------+-------------------------------------------
     0 | D:1      | hawla the Minotaur Fighter began the quest for the Orb.
     0 | D:1      | Reached XP level 1. HP: 19/19 MP: 0/0
   230 | D:1      | Reached XP level 2. HP: 17/26 MP: 1/1
   644 | D:1      | Reached skill level 5 in Shields
   996 | D:2      | Found Zepaf's Jewellery Boutique.
  1001 | D:2      | Reached XP level 3. HP: 31/31 MP: 2/2
  1002 | D:2      | Noticed Sigmund
  1009 | D:2      | Reached skill level 1 in Dodging
  1204 | D:2      | Reached skill level 2 in Dodging
  1228 | D:2      | Killed Sigmund
  1229 | D:2      | Reached skill level 5 in Dodging
  1229 | D:2      | Reached XP level 4. HP: 11/39 MP: 3/3
  1229 | D:2      | Reached XP level 5. HP: 13/45 MP: 4/4
  2039 | D:3      | Reached XP level 6. HP: 51/51 MP: 5/5
  2343 | D:3      | Found a white marble altar of Elyvilon.
  2352 | D:3      | Found a shimmering blue altar of Sif Muna.
  2407 | D:3      | Reached skill level 6 in Dodging
  2807 | D:4      | Noticed Blork the orc
  2807 | D:4      | Found Waimyun's General Store.
  2839 | D:3      | Killed Blork the orc
  2840 | D:3      | Reached skill level 7 in Dodging
  2985 | D:4      | Reached XP level 7. HP: 57/57 MP: 6/6
  3019 | D:4      | Found Ysaoh's Specific Store.
  3030 | D:4      | Noticed Ijyb
  3040 | D:4      | Killed Ijyb
  3355 | D:4      | Noticed Natasha
  3366 | D:4      | Killed Natasha
  3437 | D:4      | Noticed Natasha
  3448 | D:4      | Killed Natasha
  3449 | D:4      | Reached skill level 8 in Dodging
  3516 | D:5      | Entered Level 5 of the Dungeon
  3524 | D:5      | Reached skill level 5 in Throwing
  3524 | D:5      | Reached skill level 9 in Dodging
  3524 | D:5      | Reached XP level 8. HP: 73/73 MP: 7/7
  3559 | D:5      | Reached skill level 1 in Evocations
  4188 | D:5      | Found a sand-covered staircase.
  4755 | D:6      | Noticed Maggie
  4756 | D:6      | Noticed Grinder
  4773 | D:6      | Killed Grinder
  4774 | D:6      | Reached XP level 9. HP: 34/79 MP: 8/8
  4791 | D:6      | Killed from afar by Maggie

Illustrated notes

Levels and vault maps discovered:
D:1:      lordsloth_arrival_two_stooges, layout_basic
D:2:      layout_rooms, serial_shops, nicolae_shop_tiny_glass, serial_curves,
          eino_curves_03, eino_curves_03, uniq_sigmund
D:3:      layout_basic, mainiacjoe_overflow_large_starburst,
          minmay_tree_intersection, dreamdust_wishing_well, chequers_garden
D:4:      layout_gridville, nicolae_specific_store, uniq_ijyb,
          uniq_blork_the_orc, uniq_natasha
D:5:      layout_loops_corners, enter_ossuary_5
D:6:      layout_loops_ring, uniq_maggie, uniq_pikel, uniq_crazy_yiuf_cottage,
          uniq_grinder

Skill      XL: |  1  2  3  4  5  6  7  8  9 |
---------------+----------------------------+-----
Shields        | 4 5 8 |  8.3
Dodging        | 5 7 9 |  9.8
Fighting       | 7 |  7.3
Long Blades    | 6 |  6.7
Throwing       | 5 |  5.1
Armour         | 7 |  7.3
Evocations     | 3 4 |  4.0

Action                     |  1- 3 |  4- 6 |  7- 9 || total
---------------------------+-------+-------+-------++-------
  Melee: Long sword        |   100 |   111 |   190 ||   401
         Headbutt          |    11 |    20 |    34 ||    65
    Use: Scroll            |     6 |     1 |     5 ||    12
         Potion            |       |       |    10 ||    10
   Stab: Sleeping          |       |     5 |     3 ||     8
 Armour: Scale mail        |     8 |       |       ||     8
         Chain mail        |    30 |       |       ||    30
         Shadow dragon sca |    64 |   105 |   130 ||   299
         Skin              |       |       |    11 ||    11
  Dodge: Dodged            |    38 |    60 |    84 ||   182
         Repelled          |       |     5 |     4 ||     9
  Block: Buckler           |    31 |    37 |   119 ||   187
         Reflection        |       |       |     2 ||     2
